 Dungeon Crawl Stone Soup version 0.27.1-15-g792fb953b9 (webtiles) character file.

Game seed: 6123159913685307304

889 styxcanada the Covert (level 7, -9/36 HPs)
             Began as a Spriggan Brigand on Nov 21, 2021.
             Was an Initiate of Gozag.
             Mangled by a wyvern skeleton (14 damage)
             ... on level 5 of the Dungeon.
             The game lasted 00:21:02 (7278 turns).

styxcanada the Covert (Spriggan Brigand)            Turns: 7278, Time: 00:21:03

Health: -9/36      AC:  3    Str: 13    XL:     7   Next: 77%
Magic:  8/8        EV: 20    Int: 12    God:    Gozag
Gold:   172        SH:  0    Dex: 19    Spells: 7/7 levels left

rFire    . . .     SeeInvis +   k - +0 short sword (drain)
rCold    . . .     Faith    .   (shield restricted)
rNeg     . . .     Spirit   .   b - +0 robe
rPois    .         Reflect  .   (helmet restricted)
rElec    .         Harm     .   c - +0 cloak
rCorr    .         Rampage  .   (gloves unavailable)
Will     +....                  (boots unavailable)
Stlth    +++++.....             (no amulet)
HPRegen  0.12/turn              o - +6 ring of strength
MPRegen  0.11/turn              u - ring of wizardry

@: very quick
A: very small, no large weapons, unfitting armour, see invisible, speed 3
a: Renounce Religion, Potion Petition, Call Merchant, Bribe Branch


You were on level 5 of the Dungeon.
You worshipped Gozag.
Gozag was aware of your devotion.
You visited 2 branches of the dungeon, and saw 6 of its levels.

You collected 249 gold pieces.
You paid 77 gold pieces to Gozag.

Inventory:

Hand Weapons
 a - a +2 dagger
 g - a +0 hunting sling
 k - a +0 short sword of draining (weapon)
Missiles
 d - 14 poisoned darts (quivered)
 e - 2 curare-tipped darts
 f - 135 stones
 t - 32 sling bullets
Armour
 b - a +0 robe (worn)
 c - a +0 cloak (worn)
Jewellery
 o - a +6 ring of strength (left hand)
 u - a ring of wizardry (right hand)
Scrolls
 m - 3 scrolls of teleportation
 w - 2 scrolls of fog
Potions
 h - a potion of berserk rage
 i - a potion of curing
 j - a potion of brilliance
 l - a potion of mutation
 n - 2 potions of heal wounds
 p - a potion of invisibility {unknown}
 q - a potion of cancellation {unknown}
 r - a potion of magic {unknown}
 s - a potion of degeneration {unknown}
 v - a potion of lignification {unknown}


   Skills:
 * Level 3.0 Fighting
 + Level 4.7 Short Blades
 + Level 0.3(2.3) Slings
 + Level 3.1 Throwing
 * Level 4.9 Dodging
 * Level 10.4 Stealth
 * Level 0.6 Spellcasting


You had 7 spell levels left.
You didn't know any spells.
Your spell library contained the following spells:

 Spells                   Type           Power      Damage    Failure   Level
 Frozen Ramparts          Ice            0%         1d2       34%         3
 Ice Form                 Ice/Tmut       0%         N/A       75%         4
 Summon Ice Beast         Ice/Summ       0%         N/A       75%         4
 Conjure Ball Lightning   Conj/Air       0%         3x3d6     100%        6
 Discord                  Hex            0%         N/A       100%        8
 Disjunction              Tloc           0%         N/A       100%        8


Dungeon Overview and Level Annotations

Branches:
Dungeon (5/15)             Temple (1/1) D:5

Altars:
Dithmenos
Gozag
Makhleb
Ru
Yredelemnul


Innate Abilities, Weirdness & Mutations

You are very small and have problems with some larger weapons.
You are too small for most types of armour.
You have supernaturally acute eyesight. (SInv)
You cover ground extremely quickly. (Speed+++)


Message History

You hit the wyvern skeleton.
The wyvern skeleton is lightly damaged.
The wyvern skeleton bites you!
You hit the wyvern skeleton.
The wyvern skeleton is moderately damaged.
The wyvern skeleton misses you.
You hit the wyvern skeleton but do no damage.
The wyvern skeleton is moderately damaged.
The wyvern skeleton misses you.
You hit the wyvern skeleton.
The wyvern skeleton is moderately damaged.
The wyvern skeleton misses you.
You hit the wyvern skeleton but do no damage.
The wyvern skeleton is moderately damaged.
The wyvern skeleton bites you!
You hit the wyvern skeleton.
The wyvern skeleton is heavily damaged.
The wyvern skeleton misses you.
You hit the wyvern skeleton.
The wyvern skeleton is heavily damaged.
The wyvern skeleton bites you.
You hit the wyvern skeleton.
The wyvern skeleton is severely damaged.
The wyvern skeleton misses you.
You hit the wyvern skeleton.
The wyvern skeleton is severely damaged.
The wyvern skeleton completely misses you.
The wyvern skeleton closely misses you.
You hit the wyvern skeleton.
The wyvern skeleton is almost destroyed.
The wyvern skeleton bites you.
* * * LOW HITPOINT WARNING * * *
You hit the wyvern skeleton.
The wyvern skeleton is almost destroyed.
The wyvern skeleton misses you.
You hit the wyvern skeleton.
The wyvern skeleton is almost destroyed.
The wyvern skeleton bites you!
You die...
Your body crumbles into a pile of gold.

#.################. #.
#. #. #. #. ## #. ###.
.## #. #... ..## #.
#.###... #. #.##.Z# ##
#. #.#.@.# ..## #.
#...#.# #..#### #.
##....###......######.
##..#...#...#..........
##....#.....# ..######.
#..#####.>.#####..#.....
##....#.....#....##.####
##..#...#...#........#
#.....###....####.#.#


You could see a wyvern skeleton.

Vanquished Creatures
  2 necrophages
  An orc warrior (D:4)
  A centaur (D:5)
  A water moccasin zombie (D:5)
  A hound (D:4)
  2 orc priests
  Jessica (D:2)
  2 iguanas
  An orc wizard (D:4)
  A scorpion zombie (D:5)
  15 adders
  A gnoll (D:1)
  An adder skeleton (D:4)
  2 worms
  4 dart slugs
  8 orcs
  10 ball pythons
  6 bats
  6 endoplasms
  3 giant cockroaches
  4 goblins
  8 hobgoblins
  13 jackals
  A quokka (D:2)
  A frilled lizard (D:1)
  6 kobolds
  7 rats
109 creatures vanquished.

Vanquished Creatures (others)
  An orc wizard (D:3)
1 creature vanquished.

Grand Total: 110 creatures vanquished

Notes
Turn   | Place    | Note
-------+----------+-------------------------------------------
     0 | D:1      | styxcanada the Spriggan Brigand began the quest for the
                  | Orb.
     0 | D:1      | Reached XP level 1. HP: 10/10 MP: 2/2
    29 | D:1      | Reached skill level 6 in Stealth
   216 | D:1      | Reached XP level 2. HP: 9/15 MP: 3/3
   767 | D:1      | Reached skill level 7 in Stealth
   767 | D:1      | Reached XP level 3. HP: 18/18 MP: 4/4
  1630 | D:2      | Reached XP level 4. HP: 23/23 MP: 5/5
  1678 | D:2      | Found a faded altar of an unknown god.
  2011 | D:2      | Noticed Jessica
  2246 | D:2      | Killed Jessica
  2247 | D:2      | Reached skill level 8 in Stealth
  2637 | D:2      | Reached XP level 5. HP: 25/26 MP: 6/6
  4159 | D:4      | Reached XP level 6. HP: 31/31 MP: 7/7
  4351 | D:4      | Reached skill level 9 in Stealth
  5187 | D:4      | Noticed an orc warrior
  5226 | D:4      | Killed an orc warrior
  5227 | D:4      | Reached XP level 7. HP: 12/35 MP: 8/8
  5238 | D:4      | Reached skill level 10 in Stealth
  6131 | D:5      | Entered Level 5 of the Dungeon
  6643 | D:5      | Found a burning altar of Makhleb.
  6703 | D:5      | Found a staircase to the Ecumenical Temple.
  6727 | Temple   | Entered the Ecumenical Temple
  7008 | Temple   | Became a worshipper of Gozag Ym Sagoz the Greedy
  7278 | D:5      | Mangled by a wyvern skeleton

Illustrated notes

Levels and vault maps discovered:
D:1:      dpeg_arrival_rooms_b, layout_loops_ring
D:2:      layout_loops_cross, hellmonk_ecumenical_altar_heavens_door,
          uniq_jessica
D:3:      layout_loops_ring, corexii_hall_statues_x
D:4:      layout_loops_corners, grunt_ministairs_4, grunt_decor_resistance,
          minmay_snake_closets
D:5:      layout_loops_ring, general_overflow_altar, okawaru_ov_weapons_minmay,
          minmay_temple_entry_arrows
Temple:   dpeg_five_rooms_temple

Skill      XL: |  1  2  3  4  5  6  7 |
---------------+----------------------+-----
Stealth        | 6 7 8 9 10 | 10.4
Dodging        | 2 3 4 |  4.9
Fighting       | 2 3 |  3.0
Short Blades   | 3 4 |  4.7
Throwing       | 3 |  3.1
Slings         | |  0.3
Spellcasting   | |  0.6

Action                   |  1- 3 |  4- 6 |  7- 9 || total
-------------------------+-------+-------+-------++-------
Melee: Dagger            |    77 |   120 |       ||   197
       Short sword       |       |   130 |   103 ||   233
 Fire: Hunting sling     |       |     5 |       ||     5
Throw: Dart              |     7 |    37 |    11 ||    55
       Stone             |       |     4 |       ||     4
  Use: Potion            |       |     1 |       ||     1
       Scroll            |       |     9 |     1 ||    10
 Stab: Sleeping          |    11 |    20 |     3 ||    34
Armor: Robe              |    11 |    33 |     6 ||    50
Dodge: Dodged            |    52 |   185 |    61 ||   298
